 Dungeon Crawl Stone Soup version 0.21.1-1-g345015f (console) character file.

12324 fly the Fighter (level 11, 0/184 HPs)
             Began as an Ogre Berserker on May 24, 2018.
             Was an Elder of Trog.
             Slain by a killer bee (1 damage)
             ... on level 2 of the Lair of Beasts.
             The game lasted 00:28:04 (10968 turns).

fly the Fighter (Ogre Berserker)                   Turns: 10968, Time: 00:28:05

Health: 0/184      AC:  8    Str: 28    XL:     11   Next: 91%
Magic:  17/17      EV: 14    Int:  8    God:    Trog [****..]
Gold:   452        SH:  0    Dex: 11    Spells: 10/10 levels left

rFire    + . .     SeeInvis .   a - +3 glaive (venom)
rCold    . . .     Gourm    .   (shield currently unavailable)
rNeg     . . .     Faith    .   y - +2 robe {rF+}
rPois    +         Spirit   .   e - +0 hat
rElec    .         Reflect  .   q - +0 cloak
rCorr    .         Harm     .   (gloves unavailable)
MR       +....                  (boots unavailable)
Stlth    ..........             o - amulet of magic regeneration
HPRegen  0.40/turn              O - ring of stealth
MPRegen  0.40/turn              (no ring)

@: berserking (expiring), lethally poisoned (0 -> -1), very quick
A: large, unfitting armour, molten scales 1, poison resistance, tough skin 1
a: Berserk, Trog's Hand, Brothers in Arms, Burn Spellbooks, Renounce Religion


You were on level 2 of the Lair of Beasts.
You worshipped Trog.
Trog was greatly pleased with you.
You were very hungry.

You visited 2 branches of the dungeon, and saw 12 of its levels.

You collected 764 gold pieces.
You spent 312 gold pieces at shops.

Inventory:

Hand Weapons
 a - a +3 glaive of venom (weapon)
 b - a +0 battleaxe
 w - a +0 blowgun
Armour
 e - a +0 hat (worn)
 q - a +0 cloak (worn)
 y - a +2 robe of fire resistance (worn)
Jewellery
 o - an amulet of magic regeneration (around neck)
 O - a ring of stealth (left hand)
Wands
 p - a wand of random effects (33)
 s - a wand of digging (14)
 G - a wand of disintegration (14)
 H - a wand of iceblast (7)
 K - a wand of paralysis (15)
 M - a wand of acid (20)
 Q - a wand of flame (28)
Scrolls
 d - 3 scrolls of fear
 k - a scroll of remove curse
 n - a scroll of immolation
 F - 2 scrolls of blinking
 J - 2 scrolls of fog {unknown}
 L - a scroll of torment {unknown}
 N - 5 scrolls of teleportation
Potions
 g - 4 potions of heal wounds
 j - a potion of magic
 l - a potion of might {unknown}
 r - 3 potions of haste
 t - 4 potions of flight
 v - a potion of ambrosia
 B - 2 potions of berserk rage
 C - 3 potions of lignification
 D - a potion of resistance
 E - 4 potions of curing
Comestibles
 c - 5 chunks of flesh
 m - 21 rations


   Skills:
 - Level 12.0 Fighting
 - Level 9.0 Axes
 - Level 9.0 Dodging
 + Level 9.1 Evocations


You had 10 spell levels left.
You didn't know any spells.

Dungeon Overview and Level Annotations

Branches:
Dungeon (9/15)             Temple (0/1) D:5            Lair (3/6) D:9
  Swamp: Lair:2-4    Shoals: Lair:2-4     Snake: Lair:2-4    Spider: Lair:2-4
    Orc: D:9-12

Altars:
Dithmenos
Gozag
Hepliaklqana
Nemelex Xobeh
Okawaru
Ru
Sif Muna
Trog
Xom
Yredelemnul
Zin
The Shining One

Shops:
D:4 %   D:8 *   D:9 ?

Annotations:
D:2 1 runed door


Innate Abilities, Weirdness & Mutations

You are too large for most types of armour.
You have tough skin. (AC +1)
You are partially covered in molten scales. (AC +2)
Your system is resistant to poisons. (rPois)


Message History

The killer bee is almost dead.
* * * LOW HITPOINT WARNING * * *
You feel sick. The killer bee barely misses you.
The killer bee closely misses you.
You cut the killer bee into ribbons!!!
You kill the killer bee!
Trog accepts your kill.
* * * LOW HITPOINT WARNING * * *
You feel sick. The killer bee stings you.
* * * LOW HITPOINT WARNING * * *
Unknown command.
You slice the killer bee!!
You kill the killer bee!
Trog accepts your kill. The killer bee closely misses you.
Unknown command.
You closely miss the killer bee.
* * * LOW HITPOINT WARNING * * *
You feel sick. The killer bee stings you.
You die...

.## ###....................# ..#
##.'..........#........##
..###..#..........#.........#
.#.#..#.....................#
......##...................##
.##P####.......[..#.###.PP##
.#### ####...#+##### #.### .##
##.....## #.## .P# #...###@#
#..## .##
####.#.###y#######..### +##
#.........y.#..#P#+.#.### ..#
##..........###....(.....# ..##
#P......>...###..........#
...####...........##..........#
..#...+..........#.+..........#
..'.##.....(....รท..#..........#
..####............#...........#


You could see 2 killer bees.

Vanquished Creatures
  Gastronok (D:8)
  A hydra (Lair:2)
  Urug (Lair:2)
  A black mamba (Lair:2)
  3 spiny frogs
  2 komodo dragons
  A hippogriff (D:9)
  The ghost of fly the Poker, an amateur OgFi (D:3)
  3 yaks (D:9)
  A wyvern (Lair:1)
  Edmund (D:5)
  4 water moccasins
  2 porcupines (Lair:2)
  An ice beast (D:7)
  4 orc warriors
  2 sky beasts
  4 phantoms
  8 wolves
  4 centaurs
  3 crocodiles
  5 ogres
  A big kobold (D:8)
  2 gnoll sergeants (D:8)
  10 bullfrogs
  A wyvern skeleton (D:9)
  3 scorpions
  2 killer bees (Lair:2)
  2 wights (D:7)
  13 howler monkeys
  3 crimson imps
  A quasit (D:9)
  6 orc priests
  A jelly (D:6)
  2 centaur skeletons
  5 hounds
  6 orc wizards
  Jessica (D:3)
  A bullfrog skeleton (D:4)
  A human skeleton (D:2)
  4 iguanas
  2 hell rats (Lair:1)
  5 worker ants
  A hound zombie (D:6)
  A hound skeleton (D:9)
  2 worker ant zombies
  16 gnolls
  9 adders
  8 river rats (Lair:1)
  2 shadow imps
  2 oozes
  3 adder skeletons
  2 worms
  A dart slug (D:4)
  2 leopard geckos
  24 orcs
  4 giant cockroaches (D:2)
  5 goblins
  4 hobgoblins
  17 jackals
  3 quokkas
  A ball python (D:3)
  5 bats
  6 frilled lizards
  A goblin zombie (D:6)
  2 jackal skeletons (D:2)
  8 kobolds
  A kobold zombie (D:2)
  A quokka skeleton (D:9)
  2 quokka zombies
  8 rats
266 creatures vanquished.

Vanquished Creatures (collateral kills)
  Maurice (D:8)
  Joseph (D:8)
  Grum (D:8)
  A wolf (D:8)
  A howler monkey (D:8)
  2 gnolls (D:8)
7 creatures vanquished.

Vanquished Creatures (others)
  An ice beast (D:5)
  A shadow imp (D:5)
  2 fungi
4 creatures vanquished.

Grand Total: 277 creatures vanquished

Notes
Turn   | Place    | Note
-------+----------+-------------------------------------------
     0 | D:1      | fly the Ogre Berserker began the quest for the Orb.
     0 | D:1      | Reached XP level 1. HP: 24/24 MP: 1/1
   198 | D:1      | Reached XP level 2. HP: 32/32 MP: 2/2
   684 | D:2      | Reached XP level 3. HP: 39/39 MP: 3/3
   737 | D:2      | Gained mutation: You are partially covered in molten scales. (AC +2) [potion of mutation]
   737 | D:2      | Gained mutation: Your system is resistant to poisons. (rPois) [potion of mutation]
   826 | D:2      | Reached ** piety under Trog
   861 | D:2      | Noticed a human
   868 | D:2      | Found a runed door.
   872 | D:2      | Found a basalt altar of Yredelemnul.
   884 | D:2      | Reached XP level 4. HP: 26/48 MP: 4/4
  1076 | D:2      | Found a faded altar of an unknown god.
  1327 | D:3      | Reached XP level 5. HP: 40/54 MP: 5/5
  1375 | D:3      | Noticed Jessica
  1391 | D:3      | Killed Jessica
  1437 | D:3      | Noticed fly's ghost (amateur OgFi)
  1449 | D:3      | Killed fly's ghost
  1449 | D:3      | Reached skill level 5 in Dodging
  1449 | D:3      | Reached XP level 6. HP: 44/62 MP: 6/6
  1796 | D:3      | Found a hazy altar of Hepliaklqana.
  2138 | D:4      | Reached *** piety under Trog
  2162 | D:4      | Reached skill level 5 in Axes
  2162 | D:4      | Reached XP level 7. HP: 64/70 MP: 7/7
  2355 | D:4      | Found Gynipuli's Food Emporium.
  2969 | D:5      | Entered Level 5 of the Dungeon
  2979 | D:5      | Reached skill level 5 in Fighting
  3050 | D:5      | Reached XP level 8. HP: 50/81 MP: 8/8
  3108 | D:5      | Reached skill level 6 in Fighting
  3109 | D:5      | Reached **** piety under Trog
  3311 | D:5      | Found a staircase to the Ecumenical Temple.
  3485 | D:5      | Noticed Edmund
  3500 | D:5      | Killed Edmund
  4218 | D:6      | Reached XP level 9. HP: 79/92 MP: 9/9
  4429 | D:6      | Reached skill level 7 in Fighting
  4587 | D:6      | Found a glowing golden altar of the Shining One.
  4592 | D:6      | Found a basalt altar of Yredelemnul.
  4631 | D:6      | Noticed a profane servitor
  4968 | D:7      | Reached skill level 8 in Fighting
  5463 | D:7      | Found an iron altar of Okawaru.
  5465 | D:7      | Found a sacrificial altar of Ru.
  5467 | D:7      | Found a sparkling altar of Nemelex Xobeh.
  5489 | D:7      | Found a shadowy altar of Dithmenos.
  5490 | D:7      | Found a deep blue altar of Sif Muna.
  5543 | D:7      | Reached skill level 9 in Fighting
  5855 | D:7      | Found a shimmering altar of Xom.
  5855 | D:7      | Noticed an angel
  5857 | D:7      | Found a glowing silver altar of Zin.
  5971 | D:7      | Reached skill level 10 in Fighting
  6331 | D:7      | Found an opulent altar of Gozag.
  6523 | D:7      | Found a bloodstained altar of Trog.
  6594 | D:8      | Reached skill level 11 in Fighting
  6622 | D:8      | Noticed Joseph
  6636 | D:8      | Reached skill level 12 in Fighting
  6641 | D:8      | Reached skill level 1 in Evocations
  6641 | D:8      | Reached XP level 10. HP: 45/115 MP: 10/10
  6666 | D:8      | HP: 3/115 [Joseph/quarterstaff (8)]
  6668 | D:8      | Killed Joseph
  6680 | D:8      | Noticed Maurice
  6689 | D:8      | Killed Maurice
  6698 | D:8      | Noticed Grum
  6704 | D:8      | Killed Grum
  7268 | D:8      | Found Ifeif's General Store.
  7271 | D:8      | Bought a scroll of blinking for 112 gold pieces
  7271 | D:8      | Bought 3 scrolls of identify for 90 gold pieces
  7342 | D:8      | Noticed Gastronok
  7358 | D:8      | Killed Gastronok
  7358 | D:8      | Reached skill level 5 in Evocations
  7499 | D:9      | Reached XP level 11. HP: 123/123 MP: 15/15
  7531 | D:9      | Found Siffyun's Magic Scroll Shoppe.
  7535 | D:9      | Bought a scroll of identify for 26 gold pieces
  7535 | D:9      | Bought a scroll of random uselessness for 13 gold pieces
  7535 | D:9      | Bought a scroll of identify for 26 gold pieces
  7535 | D:9      | Bought a scroll of fear for 45 gold pieces
  7665 | D:9      | Found a basalt altar of Yredelemnul.
  8053 | D:9      | Found a staircase to the Lair.
  8422 | Lair:1   | Entered Level 1 of the Lair of Beasts
  8503 | Lair:1   | Reached ***** piety under Trog
  9537 | Lair:2   | Received a gift from Trog
 10035 | Lair:2   | Noticed Urug
 10045 | Lair:2   | Killed Urug
 10609 | Lair:2   | Noticed a seven-headed hydra
 10631 | Lair:2   | Killed a seven-headed hydra
 10964 | Lair:2   | HP: 4/184 [killer bee (13)]
 10968 | Lair:2   | HP: 1/184 [poisoned by a killer bee]
 10968 | Lair:2   | Slain by a killer bee

Skill      XL: |  1  2  3  4  5  6  7  8  9 10 11 |
---------------+----------------------------------+-----
Dodging        | 3 4 5 6 7 9 |  9.0
Axes           | 4 5 6 9 |  9.0
Fighting       | 5 6 12 | 12.0
Evocations     | 1 6 9 |  9.1

Action                   |  1- 3 |  4- 6 |  7- 9 | 10-12 || total
-------------------------+-------+-------+-------+-------++-------
Melee: Hand axe          |    79 |   148 |   424 |       ||   651
       Dagger            |       |     3 |       |       ||     3
       Battleaxe         |       |       |    47 |   246 ||   293
       Short sword       |       |       |    44 |       ||    44
       War axe           |       |       |    24 |       ||    24
       Glaive            |       |       |       |    42 ||    42
Invok: Berserk           |     1 |     3 |     9 |    10 ||    23
       Trog's Hand       |       |     1 |     3 |     2 ||     6
       Brothers in Arms  |       |       |       |     4 ||     4
Evoke: Wand              |       |       |     6 |     3 ||     9
  Use: Potion            |     5 |       |       |     2 ||     7
       Scroll            |       |       |    10 |     7 ||    17
 Stab: Paralysed         |       |       |     4 |     2 ||     6
       Sleeping          |       |       |       |     1 ||     1
  Eat: Chunk             |     1 |     7 |    23 |    16 ||    47
       Ration            |       |       |       |     3 ||     3
Armor: Animal skin       |    24 |    28 |       |       ||    52
       Robe              |       |    39 |   170 |   101 ||   310
Dodge: Dodged            |    53 |   122 |   288 |   297 ||   760
